Argos, neutral male human Ranger --.|.---- |....)|..-- |.........| ... ----......--- |..... ---.......| --...... ----|.........| |....... --..--.|.......------- -...... |..<...|--...........| |%--.- --..---- ---.....---.--- |.| . .-- ---- |.----- |...| |.| ...------ --- ---.--- |.| .....--).-- |...| |%| ...>.^...h---- ---.---.| ........(.@.)-- |.....| ........)....-- --....| -.--...%.%%.%| --...| ......%.-- ---- ---.....| ------- Argos the Trailblazer Experience level: 6 Strength: 17 Dexterity: 9 Constitution: 14 Intelligence: 14 Wisdom: 13 Charisma: 8 Health: 0(38) Energy: 35(35) Def: 9 Gold: 114 Moves: 2296 Dungeon seed: xbakqfbhHF50OKGQ Game ID: Argos_1543421594 Your Inventory: Coins $ - 114 gold pieces Weapons a - an uncursed +1 dagger (alternate weapon; not wielded) b - an uncursed +2 bow (weapon in hand) c - 50 uncursed +2 arrows (in quiver) d - 37 uncursed +0 arrows v - a blessed +2 battle-axe Armor e - an uncursed +2 cloak of displacement (being worn) n - an uncursed +0 banded mail (being worn) Comestibles f - 3 uncursed cram rations P - an uncursed tripe ration T - an uncursed food ration Scrolls h - an uncursed scroll of gold detection K - a cursed scroll of light S - an uncursed scroll of confuse monster Potions i - an uncursed potion of speed j - an uncursed potion of gain energy k - an uncursed potion of gain level l - an uncursed potion of gain ability p - an uncursed potion of monster detection Q - a potion of unholy water Rings o - a cursed -2 ring of adornment G - an uncursed +1 ring of gain strength Wands g - an uncursed wand of slow monster (0:3) y - an uncursed wand of digging (0:4) Tools A - a cursed brass lantern (0:1399) O - an uncursed oil lamp (lit) (0:819) Gems q - an uncursed worthless piece of violet glass r - an uncursed worthless piece of orange glass Spells and supernatural/magical abilities: Name Level Category Fail Memory W - pray for help -- divine ? -- Your skills at the end: Miscellaneous Skills wands [Basic] stealth [Skilled] Weapon Skills dagger [Basic] bow [Basic] Spellcasting Skills Final Attributes: You were devoutly aligned. You had automatic searching. You were displaced. You were somewhat stealthy. You are dead. Vanquished creatures: a gnome king a dingo an imp 4 gnome lords 2 gnomish wizards a floating eye 6 dwarves a homunculus an iguana a giant bat 2 dwarf zombies a werejackal 2 hobbits 2 geckos 2 giant rats 24 gnomes 2 manes a jackal 2 kobolds 5 newts 3 goblins 2 grid bugs 3 lichens 70 creatures vanquished. Voluntary challenges: You followed a strict vegan diet. You did not adorn yourself with jewelry or accessories. You did not cause conflict. You were not invisible. You did not have reflection. You were an atheist. You used a wielded weapon 57 times, starting on turn 100. You did not apply a unicorn horn. You did not use plumbed fixtures. You did not drink any magical draughts. You were illiterate. You never genocided any monsters. You never polymorphed an object. You never changed form. You used no wishes. You never split a pudding. You never wrote Elbereth's name. You never violated your personal moral code. Dungeon overview: The Dungeons of Doom: levels 1 to 3 Level 1 some fountains a long staircase Level 2 a general store, some fountains Level 3 an armor shop stairs to The Gnomish Mines The Gnomish Mines: levels 4 to 6 Level 4 stairs to The Dungeons of Doom Level 5 <- You were here Level 6 History has recorded: On T:1 you entered the Dungeons of Doom to retrieve the Amulet of Yendor! On T:384 you reached level 2 of The Dungeons of Doom. On T:387 you advanced to experience level 2. On T:797 you advanced to experience level 3. On T:802 you reached level 3 of The Dungeons of Doom. On T:1215 you reached level 1 of The Gnomish Mines. On T:1223 you advanced to experience level 4. On T:1300 you advanced to experience level 5. On T:1496 you reached level 2 of The Gnomish Mines. On T:1957 you advanced to experience level 6. Score breakdown: Gold: 114 ( 11 points) Experience: 6 levels ( 500 points) Exploration: 6 levels ( 150 points) Discoveries: 16 items ( 800 points) Variety of kills: 23 monsters ( 1150 points) Major goal: (nothing yet) ( 0 points) Survival: died (score multiplied by 3) Total score: 7833 Latest messages: The gnome lord thrusts his broad short sword at you. The gnome lord just misses! You are now wielding your bow. a - an uncursed +1 dagger (alternate weapon; not wielded). The arrow hits the gnome lord. The arrow hits the gnome lord! You shoot 2 arrows. You feel more confident in your weapon skills. The 1st arrow hits the gnome lord! You kill the gnome lord! There are a few objects here. You have a little trouble lifting T - a food ration. You have a little trouble lifting c - 3 uncursed +2 arrows (in quiver). There are several more objects here. You see here a whistle. You see here 2 daggers. The bugbear punches you! You die... Final status: Goodbye Argos the Ranger, killed by a bugbear... You died in The Gnomish Mines on dungeon level 5 with 7833 points, and 114 pieces of gold, after 2296 moves. You were level 6 with a maximum of 38 hit points when you died.